 Seeded DCSS version 0.29-a0-923-g6e406bff71 (webtiles) character file.

Game seed: 9582172555113045359 (custom seed)

2516 mathmaestro the Purveyor of Pain (level 9, 58/69 HPs)
             Began as a Demonspawn Necromancer on July 27, 2022.
             Was an Initiate of Kikubaaqudgha.
             Quit the game on level 6 of the Dungeon.
             The game lasted 00:17:46 (5683 turns).

mathmaestro the Purveyor of Pain (DsNe)             Turns: 5683, Time: 00:17:47

Health: 58/69      AC: 17    Str:  9    XL:     9   Next: 29%
Magic:  17/18      EV: 11    Int: 20    God:    Kikubaaqudgha [......]
Gold:   189        SH:  9    Dex: 14    Spells: 5/20 levels left

rFire   . . .      SeeInvis .   h - +10 mace of Pocuravaj {flame, rN+}
rCold   . . .      Faith    .   L - +0 buckler
rNeg    + . .      Spirit   .   e - +1 leather armour {Will+}
rPois   .          Reflect  +   p - +0 helmet
rElec   .          Harm     .   r - +0 cloak
rCorr   .          Rampage  .   x - +0 pair of gloves
Will    +....                   I - +1 pair of boots
Stlth   ++........              w - amulet of reflection
HPRegen 1.21/turn               l - +4 ring of protection
MPRegen 0.16/turn               G - +4 ring of slaying

@: no status effects
A: claws 1, icy blue scales 2, ignite blood 1, powered by death 2
a: Renounce Religion


You were on level 6 of the Dungeon.
You worshipped Kikubaaqudgha.
Kikubaaqudgha was noncommittal.
You visited 2 branches of the dungeon, and saw 7 of its levels.

You collected 270 gold pieces.
You spent 81 gold pieces at shops.

Inventory:

Hand Weapons
 h - the +10 mace of Pocuravaj (weapon) {flame, rN+}
   (You found it on level 6 of the Dungeon)

   It burns those it strikes, dealing additional fire damage.
   rN:        It protects you from negative energy.
 i - a +0 hand axe
 K - a +2 dagger of electrocution
Armour
 e - a +1 leather armour of willpower (worn)
 p - a +0 helmet (worn)
 r - a +0 cloak (worn)
 x - a +0 pair of gloves (worn)
 y - the +1 leather armour of Gidwucw {Fly}
   (You found it on level 3 of the Dungeon)

   Fly:       It grants you flight.
 I - a +1 pair of boots (worn)
 L - a +0 buckler (worn)
Jewellery
 d - a +6 ring of intelligence
 j - a ring of poison resistance
 l - a +4 ring of protection (left hand)
 u - an amulet of the acrobat
 w - an amulet of reflection (around neck)
 G - a +4 ring of slaying (right hand)
Wands
 E - a wand of digging (3)
Scrolls
 c - a scroll of blinking {unknown}
 g - 2 scrolls of amnesia {unknown}
 m - 8 scrolls of identify {unknown}
 n - a scroll of enchant armour {unknown}
 q - 2 scrolls of noise {unknown}
 s - a scroll of enchant weapon {unknown}
 v - a scroll of vulnerability {unknown}
 D - 3 scrolls of teleportation {unknown}
 F - a scroll of silence {unknown}
 H - 2 scrolls of magic mapping {unknown}
 M - a scroll of fog {unknown}
Potions
 a - 3 potions of might {unknown}
 b - a potion of magic
 f - a potion of haste {unknown}
 k - 5 potions of berserk rage {unknown}
 o - 3 potions of heal wounds {unknown}
 t - 2 potions of curing {unknown}
 z - a potion of degeneration {unknown}
 A - 5 potions of flight {unknown}
 B - a potion of resistance {unknown}
 C - a potion of brilliance {unknown}
 J - a potion of ambrosia {unknown}


   Skills:
 + Level 6.0 Fighting
 - Level 5.0 Armour
 - Level 2.0 Dodging
 - Level 2.0 Stealth
 + Level 2.3 Shields
 + Level 6.0 Spellcasting
 + Level 8.2 Necromancy


You had 5 spell levels left.
You knew the following spells:

 Your Spells              Type           Power      Damage    Failure   Level
a - Necrotise             Necr           100%       1d9       1%          1
b - Vampiric Draining     Necr           38%        2d8       1%          3
c - Animate Dead          Necr           38%        N/A       6%          4
d - Sublimation of Blood  Necr           38%        N/A       1%          2
e - Agony                 Necr           38%        N/A       19%         5

Your spell library contained the following spells:

 Spells                   Type           Power      Damage    Failure   Level
 Dazzling Flash           Conj/Hex       12%        N/A       50%         3
 Gell's Gravitas          Tloc           6%         N/A       50%         3
 Lesser Beckoning         Tloc           6%         N/A       50%         3
 Teleport Other           Tloc           6%         N/A       50%         3
 Animate Armour           Summ/Erth      12%        N/A       88%         4
 Iskenderun's Mystic Bla  Conj/Tloc      6%         2d4       88%         4
 Leda's Liquefaction      Hex/Erth       3%         N/A       88%         4
 Petrify                  Tmut/Erth      6%         N/A       88%         4
 Blade Hands              Tmut           3%         N/A       99%         5
 Irradiate                Conj/Tmut      3%         3d12      99%         5
 Lee's Rapid Deconstruct  Erth           3%         3d6*      99%         5
 Metabolic Englaciation   Hex/Ice        3%         N/A       99%         5
 Iron Shot                Conj/Erth      3%         9d2       100%        6
 Starburst                Conj/Fire      3%         6d3       100%        6
 Statue Form              Tmut/Erth      4%         N/A       100%        6
 Chain Lightning          Conj/Air       3%         3d4       100%        9


Dungeon Overview and Level Annotations

Branches:
Dungeon (6/15)             Temple (1/1) D:5

Altars:
Ashenzari
Dithmenos
Fedhas
Gozag
Kikubaaqudgha
Makhleb
Nemelex Xobeh
Okawaru
Qazlal
Ru
Sif Muna
Trog
Uskayaw
Vehumet
Wu Jian
Yredelemnul

Shops:
D:6 *


Innate Abilities, Weirdness & Mutations

You have sharp fingernails.
You are mostly covered in icy blue scales. (AC +3)
Your demonic aura sometimes causes spilled blood to erupt in flames.
You regenerate health from kills.


Message History

You hit mcwallace's ghost but do no damage.
Mcwallace's ghost is severely damaged.
Mcwallace's ghost hits you but does no damage.
Your gnoll zombie hits mcwallace's ghost but does no damage.
You sock mcwallace's ghost! You burn mcwallace's ghost.
Mcwallace's ghost is almost destroyed.
Mcwallace's ghost hits you but does no damage.
Your gnoll zombie hits mcwallace's ghost but does no damage.
Mcwallace's ghost hits you but does no damage.
You closely miss mcwallace's ghost.
Mcwallace's ghost is almost destroyed.
Mcwallace's ghost hits you but does no damage.
Your gnoll zombie hits mcwallace's ghost but does no damage.
You hit mcwallace's ghost. You burn mcwallace's ghost.
You destroy mcwallace's ghost!
Kikubaaqudgha accepts your kill.
Your gnoll zombie hits the troll.
The troll bites you! The troll claws you but does no damage.
The troll barely misses you.
Your Shields skill increases to level 2!
Your Necromancy skill increases to level 8!
You have reached level 9!
Your experience leads to an increase in your attributes!
Increase (S)trength, (I)ntelligence, or (D)exterity?
You feel clever. x2; Your demonic ancestry asserts itself...
Your blood heats up.
You sock the troll! You burn the troll.
The troll is severely wounded.
Your gnoll zombie hits the troll but does no damage.
The troll bites you!
The troll claws you but does no damage. x2
You sock the troll! You burn the troll.
You kill the troll!
Kikubaaqudgha accepts your kill.
Your Fighting skill increases to level 6!
Your Spellcasting skill increases to level 6!
There is an open translucent door, spattered with blood here.
You see here a troll corpse.
You see here a staff of poison.
You see here a scroll of immolation.
You now have 189 gold pieces (gained 12).
Are you sure you want to abandon this character and quit the game? (Confirm with "yes".)

.......##...))............#
.......##.................#
#########.................#
##................#
#...........######
##...........#
#......##†#### #.....Z#§Z§#
#......#@§§# #......#§§§#
#......###### #...........#
#...........# #.#######.###
###.Z...#.# #Z♣♣♣.#.#
#†..♣.'.#


You could see a friendly gnoll zombie.

Vanquished Creatures
  The ghost of mcwallace the Trooper, a novice VSFi of Uskayaw (D:6)
  A troll (D:6)
  Grinder (D:5)
  Eustachio (D:5)
  Duvessa (D:5)
  A sky beast (D:6)
  An ice beast (D:6)
  An ogre (D:6)
  A centaur (D:6)
  A phantom (D:5)
  A kobold brigand (D:5)
  2 gnoll sergeants (D:6)
  4 scorpions
  Dowan (D:5)
  A hound (D:5)
  2 orc priests
  Crazy Yiuf (D:2)
  An iguana (D:4)
  Terence (D:2)
  Robin (D:2)
  12 gnolls
  10 adders
  2 ufetubi
  4 dart slugs
  9 orcs
  4 endoplasms
  A giant cockroach (D:2)
  14 goblins
  13 hobgoblins
  12 kobolds
  A quokka (D:1)
  9 ball pythons (D:4)
  4 bats
  2 frilled lizards
  2 rats (D:1)
124 creatures vanquished.

Vanquished Creatures (collateral kills)
  A scorpion (D:4)
  2 gnolls (D:5)
  A dart slug (D:1)
  A quokka (D:1)
  2 ball pythons (D:4)
  A kobold (D:5)
8 creatures vanquished.

Vanquished Creatures (others)
  7 gnoll zombies
  7 kobold zombies (D:5)
  A plant (D:4)
15 creatures vanquished.

Grand Total: 147 creatures vanquished

Notes
Turn   | Place    | Note
-------+----------+-------------------------------------------
     0 | D:1      | mathmaestro the Demonspawn Necromancer began the quest for
                  | the Orb.
     0 | D:1      | Reached XP level 1. HP: 13/13 MP: 3/3
    15 | D:1      | Found a faded altar of an unknown god.
   321 | D:1      | Gained mutation: You regenerate a little health from kills.
                  | [demonic ancestry]
   321 | D:1      | Reached XP level 2. HP: 18/20 MP: 0/5
   907 | D:2      | Found a runed translucent door.
   908 | D:2      | Noticed Crazy Yiuf
   992 | D:2      | Noticed Robin
  1000 | D:2      | Gained mutation: You are partially covered in icy blue
                  | scales. (AC +2) [demonic ancestry]
  1000 | D:2      | Reached XP level 3. HP: 19/25 MP: 3/6
  1003 | D:2      | Reached skill level 1 in Fighting
  1013 | D:2      | Reached skill level 1 in Armour
  1014 | D:2      | Killed Robin
  1053 | D:2      | Learned a level 3 spell: Vampiric Draining
  1348 | D:2      | Noticed Terence
  1354 | D:2      | Killed Terence
  1355 | D:2      | Reached XP level 4. HP: 30/32 MP: 7/7
  1451 | D:2      | Learned a level 4 spell: Animate Dead
  1573 | D:2      | Reached skill level 5 in Necromancy
  1816 | D:2      | Killed Crazy Yiuf
  2150 | D:3      | Reached XP level 5. HP: 38/38 MP: 6/9
  2208 | D:3      | Identified the +1 leather armour of Gidwucw {Fly}
  3264 | D:4      | Learned a level 2 spell: Sublimation of Blood
  3433 | D:4      | Gained mutation: You regenerate health from kills. [demonic
                  | ancestry]
  3433 | D:4      | Reached XP level 6. HP: 46/46 MP: 10/10
  3496 | D:4      | Got The Last Secrets of Wizarding
  3601 | D:5      | Entered Level 5 of the Dungeon
  3750 | D:5      | Noticed Grinder
  3753 | D:5      | Noticed Eustachio
  3753 | D:5      | Paralysed by Grinder for 5 turns
  3771 | D:5      | Killed Grinder
  3772 | D:5      | Reached skill level 6 in Necromancy
  3772 | D:5      | Gained mutation: You are mostly covered in icy blue scales.
                  | (AC +3) [demonic ancestry]
  3772 | D:5      | Reached XP level 7. HP: 52/52 MP: 12/12
  3844 | D:5      | Killed Eustachio
  4160 | D:5      | Noticed Dowan
  4165 | D:5      | Noticed Duvessa
  4261 | D:4      | Gained mutation: You have sharp fingernails. [demonic
                  | ancestry]
  4261 | D:4      | Reached XP level 8. HP: 60/60 MP: 14/14
  4490 | D:5      | Killed Duvessa
  4491 | D:5      | Reached skill level 7 in Necromancy
  4497 | D:5      | Killed Dowan
  4685 | D:5      | Found a staircase to the Ecumenical Temple.
  4694 | Temple   | Entered the Ecumenical Temple
  4701 | Temple   | Became a worshipper of Kikubaaqudgha
  4727 | D:5      | Learned a level 5 spell: Agony
  4851 | D:6      | Reached skill level 5 in Spellcasting
  5017 | D:6      | Found a blossoming altar of Fedhas.
  5062 | D:6      | Reached skill level 5 in Fighting
  5189 | D:6      | Identified the +10 mace of Pocuravaj {flame, rN+}
  5199 | D:6      | Found a runed translucent door.
  5382 | D:6      | Noticed mcwallace's ghost (novice VSFi)
  5383 | D:6      | Noticed a troll
  5415 | D:6      | Found Raerimom's Assorted Antiques.
  5510 | D:6      | Reached skill level 5 in Armour
  5518 | D:6      | Bought a scroll labelled TATWUJ HAUTTOBB for 28 gold pieces
  5518 | D:6      | Bought a bubbling purple potion for 25 gold pieces
  5518 | D:6      | Bought a scroll labelled YWAYTROARCH for 28 gold pieces
  5618 | D:6      | Found a hide-covered altar of Uskayaw.
  5623 | D:6      | Reached skill level 1 in Shields
  5675 | D:6      | Killed mcwallace's ghost
  5676 | D:6      | Reached skill level 8 in Necromancy
  5676 | D:6      | Gained mutation: Your demonic aura sometimes causes spilled
                  | blood to erupt in flames. [demonic ancestry]
  5676 | D:6      | Reached XP level 9. HP: 56/69 MP: 17/17
  5677 | D:6      | Killed a troll
  5683 | D:6      | Quit the game

Illustrated notes

Levels and vault maps discovered:
D:1:      lightli_iron_boxes, layout_basic,
          hellmonk_ecumenical_altar_arch_garden
D:2:      layout_loops_ring, uniq_robin, uniq_crazy_yiuf_cottage, uniq_terence
D:3:      layout_rooms, zin_academy
D:4:      minmay_octagon_keep, layout_basic, tso_oasis_becter,
          minmay_snake_closets
D:5:      layout_rooms, lemuel_temple_firewalk_b, uniq_duvessa, uniq_eustachio,
          uniq_grinder
D:6:      lemuel_ice_spiral_2, layout_basic, mainiacjoe_overflow_brackets,
          mainiacjoe_overflow_alcove_4, ebering_ghost_inner_flame, serial_shops,
          shop_statue
Temple:   nicolae_temple_no_exploring_needed

Skill      XL: |  1  2  3  4  5  6  7  8  9 |
---------------+----------------------------+-----
Dodging        | 2 |  2.0
Stealth        | 2 |  2.0
Fighting       | 1 2 3 4 5 6 |  6.0
Armour         | 1 2 3 5 |  5.0
Necromancy     | 5 6 8 |  8.2
Spellcasting   | 3 4 5 6 |  6.0
Shields        | 2 |  2.3

Action                   |  1- 3 |  4- 6 |  7- 9 || total
-------------------------+-------+-------+-------++-------
Melee: Club              |     5 |       |       ||     5
       Short sword       |     5 |       |       ||     5
       Whip              |    29 |    55 |   137 ||   221
       Punch             |     1 |     1 |     3 ||     5
       Mace              |       |       |    39 ||    39
       Dagger            |       |       |    31 ||    31
 Cast: Necrotise         |    41 |    64 |    20 ||   125
       Vampiric Draining |       |     4 |    11 ||    15
       Animate Dead      |       |       |     3 ||     3
 Stab: Sleeping          |       |     4 |     1 ||     5
Armor: Leather armour    |    19 |    33 |   151 ||   203
Dodge: Dodged            |    22 |    39 |   157 ||   218
Block: Other             |       |    10 |    74 ||    84
       Reflection        |       |     2 |     2 ||     4
       Buckler           |       |       |     4 ||     4

Table legend: (Time is in decaauts)
 A = Elapsed time spent in this place.
 B = Non-inter-level travel time spent in this place.
 C = Inter-level travel time spent in this place.
 D = Time resting spent in this place.
 E = Time spent auto-exploring this place.
 F = Levels seen in this place.
 G = Mean time per level.
                   A        B        C        D        E       F      G
               +--------+--------+--------+--------+--------+-----+--------+
         Total |   5720 |   5473 |    247 |    684 |   3321 |   7 |  817.1 |
       Dungeon |   5705 |   5465 |    240 |    684 |   3321 |   6 |  950.8 |
        Temple |     14 |      7 |      7 |      0 |      0 |   1 |   14.0 |
               +--------+--------+--------+--------+--------+-----+--------+

Top non-repeatable levels by time:
     D:4: 1328 daAuts
     D:2: 1124 daAuts
     D:6: 930 daAuts
     D:5: 844 daAuts
     D:1: 790 daAuts
     D:3: 687 daAuts
  Temple: 14 daAuts
